 Dungeon Crawl Stone Soup version 0.27-a0-1579-g97d2440184 (webtiles) character file.

Game seed: 13903199608303735987

25 Sobieck the Charlatan (level 3, 14/23 HPs)
             Began as an Octopode Artificer on July 17, 2021.
             Got out of the dungeon alive.
             The game lasted 00:02:44 (1362 turns).

Sobieck the Charlatan (Octopode Artificer)          Turns: 1362, Time: 00:02:44

Health: 14/23      AC:  1    Str: 11    XL:     3   Next: 4%
Magic:  3/3        EV: 13    Int: 14    God:
Gold:   25         SH:  0    Dex: 12    Spells: 2/2 levels left

rFire    . . .     SeeInvis .   a - +0 club {mace}
rCold    . . .     Faith    .   (no shield)
rNeg     . . .     Spirit   .   (helmet restricted)
rPois    .         Reflect  .   (no amulet)
rElec    .         Harm     .   (no ring)
rCorr    .         Rampage  .   (no ring)
Will     .....                  (no ring)
Stlth    +++.......             (no ring)
HPRegen  0.07/turn              (no ring)
MPRegen  0.08/turn              (no ring)
                                (no ring)
                                (no ring)

@: no status effects
A: almost no armour, amphibious, 8 rings, camouflage 1, gelatinous body 1,
(nimble swimmer 1), tentacles
a: no special abilities


You escaped.
You visited 1 branch of the dungeon, and saw 1 of its levels.

You collected 25 gold pieces.


Innate Abilities, Weirdness & Mutations

You cannot wear most types of armour.
You are amphibious.
You can wear up to eight rings at the same time.
Your skin changes colour to match your surroundings (Stealth+).
Your rubbery body absorbs attacks. (AC +1, EV +1)
((You are camouflaged near water. (Stealth+)))
You have tentacles for arms and can constrict up to eight enemies at once.


   Skills:
 + Level 1.3 Fighting
 + Level 2.6 Dodging
 + Level 2.2 Stealth
 + Level 0.6 Shields
 + Level 0.7 Unarmed Combat
 + Level 3.5 Evocations


You had 2 spell levels left.
You didn't know any spells.
Your spell library was empty.

Inventory:

Hand Weapons
 a - a +0 club (weapon) {mace}
Missiles
 e - 23 bolts
Armour
 j - a +0 buckler
   (You found it on level 1 of the Dungeon)
Magical Staves
 g - a staff of poison {!astaff}
   (You found it on level 1 of the Dungeon)
Wands
 b - a wand of flame (14) (quivered)
 c - a wand of charming (14)
Scrolls
 f - 3 scrolls of immolation {unknown}
 h - a scroll of magic mapping {unknown}
 i - a scroll of blinking {unknown}
Potions
 k - a potion of magic {unknown}
 l - a potion of curing {unknown}
Miscellaneous
 d - a piece from Xom's chessboard (8/15)

Dungeon Overview and Level Annotations

Branches:
Dungeon (1/15)

Altars:

...##.###.#..................#
........#...##.....######[####
...∩#..###.####.#..######.#
...##.#.#### #.#.........#
...##.##∩∩∩################
.............###
...............##
................##
................@#
.............#####
.##∩###∩∩##∩.# ##### ########
## ## #. .# .#. ... #.#


There were no monsters in sight!


Message History

😎 HP[+8]
Your hp is fully restored (18).
You start waiting.
Done waiting.
Unknown command.
Things that are here:
a +0 club {mace}; a rat skeleton
There is an open door here.
You open the door.
There is an open door here.
k - a murky emerald potion
l - a green potion A rat comes into view.
You make a move on Xom's chessboard...
The rat appears confused.
The rat barely misses you.
You strike the helpless rat from behind!
You hit the rat. Your grab misses the rat. You squeeze the rat.
You kill the rat!
Your Stealth skill increases to level 2!
No target in view!
You now have 25 gold pieces (gained 4).
A ball python comes into view.
Found a scroll labelled HIETOT VEWU.
Found a stone staircase leading down.
You make a move on Xom's chessboard...
The ball python hisses angrily.
The ball python appears confused.
The ball python bites you but does no damage.
You hit the ball python.
You kill the ball python!
No target in view!
No target in view!
An endoplasm comes into view.
You see here 2 green potions.
An endoplasm is nearby!
A gnoll comes into view. It is wielding a +0 flail.
You make a move on Xom's chessboard...
The endoplasm quivers.
The endoplasm twists and deforms.
The gnoll shouts!
You make a move on Xom's chessboard...
The gnoll is outlined in light.
You hit the endoplasm but do no damage. The endoplasm freezes you.
You are frozen. 😮 HP[-5]
You take 5 damage, and now have 13/18 hp.
MASSIVE DAMAGE!! (PAUSE)
You don't know any spells.
Unknown command.
Aiming: Charm
Press: ? - help, Shift-Dir - straight line, f - endoplasm
Aim: an endoplasm (misshapen and mutated, chance to affect: 73%)
The endoplasm is charmed.
The gnoll hits your endoplasm with a +0 flail.
What are your orders? t - Shout!
Orders for allies: a - Attack new target. p - Attack previous target. r - Retreat! s - Stop attacking. g - Guard the area. f - Follow me.
Anything else - Cancel.
Gang up on whom?
Press: ? - help, Dir - move target, f - gnoll, p - endoplasm
Aim: a gnoll, wielding a +0 flail (softly glowing) Attack!
Your endoplasm hits the gnoll.
The gnoll hits your endoplasm with a +0 flail!
Your endoplasm dies!
Unknown command.
Aiming: Throw Flame
Press: ? - help, Shift-Dir - straight line, f/p - gnoll
Aim: a gnoll, wielding a +0 flail (lightly wounded, softly glowing, 83% to hit)
The puff of flame hits the gnoll!
The gnoll stops glowing. 😕 HP[+1]
The gnoll hits you with a +0 flail!
* * * LOW HITPOINT WARNING * * *
😨 HP[-7]
You take 7 damage, and now have 7/18 hp.
MASSIVE DAMAGE!! (PAUSE)
You hit the gnoll. You grab the gnoll. You squeeze the gnoll.
You kill the gnoll!
Your piece from Xom's chessboard (8/15) has regained one charge.
You have reached level 3!
Your experience leads to an increase in your attributes!
Increase (S)trength, (I)ntelligence, or (D)exterity?
You feel clever. 😨 HP[+2] MP[+1]
You now have 23 max hp (+5).
You regained 2 hp, and now have 9/23 hp.
Your mp is fully restored (3).
(D) Dungeon
Where to? (Enter - D:1 @ (x,y), ? - help)
Okay, then.
Things that are here:
a +0 club {mace}; a rat skeleton
There is an open door here.
You open the door.
There is an open door here.
There is a staircase leading out of the dungeon here. 😮 HP[+5]
You regained 5 hp, and now have 14/23 hp.
Are you sure you want to leave the Dungeon?
This will make you lose the game!
You have escaped!

Skill      XL: |  1  2 |
---------------+-------+-----
Stealth        | 2 |  2.2
Fighting       | |  1.3
Dodging        | |  2.6
Shields        | |  0.6
Unarmed Combat | |  0.7
Evocations     | |  3.5

Action                   || total
-------------------------++-------
Melee: Club              ||    24
       Tentacles         ||     4
       Constrict         ||     3
Evoke: Piece from Xom's  ||     8
       Wand              ||     2
 Stab: Sleeping          ||     5
       Paralysed         ||     2
       Confused          ||     1
Armor: Skin              ||     2
Dodge: Dodged            ||    10

Levels and vault maps discovered:
D:1:      amcnicky_arrival_abandoned_market, layout_loops_corners

Notes
Turn   | Place    | Note
-------+----------+-------------------------------------------
     0 | D:1      | Sobieck the Octopode Artificer began the quest for the Orb.
     0 | D:1      | Reached XP level 1. HP: 13/13 MP: 1/1
     0 | D:1      | magus.rc [v1.9.6]
   357 | D:1      | Reached XP level 2. HP: 14/18 MP: 2/2
   614 | D:1      | HP: 2/18 [frozen (5)]
  1180 | D:1      | Reached skill level 2 in Stealth
  1282 | D:1      | Reached XP level 3. HP: 9/23 MP: 3/3
  1362 | D:$      | Got out of the dungeon alive.

Vanquished Creatures
  A gnoll (D:1)
  An endoplasm (D:1)
  5 goblins (D:1)
  A hobgoblin (D:1)
  A ball python (D:1)
  A bat (D:1)
  A frilled lizard (D:1)
  4 rats (D:1)
15 creatures vanquished.

Vanquished Creatures (others)
  An endoplasm (D:1)
1 creature vanquished.

Grand Total: 16 creatures vanquished

Table legend:
 A = Non-vault XP
 B = Vault XP
 C = Vault XP percentage of total XP
 D = Non-vault monster count
 E = Vault monster count
 F = Vault count percentage of total count
                 A         B        C        D         E       F
            +---------+---------+-------+---------+---------+-------
      Total |      36 |       0 |   0.0 |      15 |       0 |   0.0
            +---------+---------+-------+---------+---------+-------
        D:1 |      36 |       0 |   0.0 |      15 |       0 |   0.0
            +---------+---------+-------+---------+---------+-------

Illustrated notes

Table legend:
 A = Kills in this place as a percentage of kills in entire the game.
 B = Kills by you in this place as a percentage of kills by you in the entire game.
 C = Kills by friends in this place as a percentage of kills by friends in the entire game.
 D = Other kills in this place as a percentage of other kills in the entire game.
 E = Experience gained in this place as a percentage of experience gained in the entire game.
 F = Experience gained in this place divided by the number of levels of this place that you have seen.
                   A       B       C       D       E      F
               +-------+-------+-------+-------+-------+----------------------
         Total | 100.0 | 100.0 |   N/A |   N/A | 100.0 |  36.0
       Dungeon | 100.0 | 100.0 |   N/A |   N/A | 100.0 |  36.0
               +-------+-------+-------+-------+-------+----------------------

Table legend: (Time is in decaauts)
 A = Elapsed time spent in this place.
 B = Non-inter-level travel time spent in this place.
 C = Inter-level travel time spent in this place.
 D = Time resting spent in this place.
 E = Time spent auto-exploring this place.
 F = Levels seen in this place.
 G = Mean time per level.
                   A        B        C        D        E       F      G
               +--------+--------+--------+--------+--------+-----+--------+
         Total |   1369 |   1250 |    119 |    511 |    598 |   1 | 1369.0 |
       Dungeon |   1369 |   1250 |    119 |    511 |    598 |   1 | 1369.0 |
               +--------+--------+--------+--------+--------+-----+--------+

Top non-repeatable levels by time:
     D:1: 1369 daAuts
